 Dungeon Crawl Stone Soup version 0.25.1-2-g60ff931df9 (webtiles) character file.

Game seed: 13695881136845442863

74 H0rd4k the Insei (level 4, -1/28 HPs)
             Began as an Octopode Transmuter on Aug 1, 2020.
             Slain by an adder (2 damage)
             ... on level 2 of the Dungeon.
             The game lasted 00:01:25 (2675 turns).

H0rd4k the Insei (Octopode Transmuter)              Turns: 2675, Time: 00:01:26

Health: -1/28      AC:  1    Str:  9    XL:     4   Next: 28%
Magic:  6/7        EV: 13    Int: 16    God:
Gold:   40         SH:  0    Dex: 12    Spells: 2/8 levels left

rFire    . . .     SeeInvis .     - Unarmed
rCold    . . .     Gourm    .   (no shield)
rNeg     . . .     Faith    .   (helmet restricted)
rPois    .         Spirit   .   (no amulet)
rElec    .         Reflect  .   (no ring)
rCorr    .         Harm     .   (no ring)
MR       .....                  (no ring)
Stlth    +++.......             (no ring)
HPRegen  0.09/turn              (no ring)
MPRegen  0.10/turn              (no ring)
                                (no ring)
                                (no ring)

@: lethally poisoned (-1 -> -8), appendage
A: almost no armour, stealthy swim, amphibious, 8 rings, constrict 8, tentacle
spike 3, camouflage 1, gelatinous body 1
a: End Transformation


You were on level 2 of the Dungeon.
You were not hungry.
One of your tentacles had a temporary spike.
You visited 1 branch of the dungeon, and saw 2 of its levels.

You collected 40 gold pieces.

Inventory:

Missiles
 a - 12 arrows
 i - 26 poisoned darts (quivered)
Wands
 m - a wand of acid (7)
Scrolls
 b - a scroll of immolation {unknown}
 d - 4 scrolls of magic mapping {unknown}
 f - a scroll of identify {unknown}
 g - 2 scrolls of remove curse {unknown}
Potions
 e - a potion of stabbing {unknown}
 h - a potion of berserk rage {unknown}
 j - a potion of mutation {unknown}
 k - a potion of cancellation {unknown}
 l - 4 potions of curing {unknown}
Comestibles
 c - 4 rations
 n - a chunk of flesh


   Skills:
 + Level 1.2 Fighting
 + Level 2.3 Dodging
 + Level 1.8 Stealth
 + Level 3.7 Unarmed Combat
 * Level 2.6 Spellcasting
 * Level 2.3 Transmutations


You had 2 spell levels left.
You knew the following spells:

 Your Spells              Type           Power        Failure   Level  Hunger
a - Beastly Appendage     Tmut           #.....       8%          1    #......
b - Sticks to Snakes      Tmut           #.......     12%         2    ##.....
c - Spider Form           Tmut/Pois      #.........   36%         3    ###....

Your spell library contained the following spells:

 Spells                   Type           Power        Failure   Level  Hunger
 Ice Form                 Ice/Tmut       #.......     77%         4    #####..
 Blade Hands              Tmut           #.........   91%         5    ######.


Dungeon Overview and Level Annotations

Branches:
Dungeon (2/15)

Altars:
Fedhas


Innate Abilities, Weirdness & Mutations

You cannot wear most types of armour.
You are very stealthy in the water. (Stealth+)
You are amphibious.
You can wear up to eight rings at the same time.
You can use your tentacles to constrict eight enemies at once.
Your skin changes colour to match your surroundings (Stealth+).
Your rubbery body absorbs attacks. (AC +1, EV +1)
One of your tentacles bears a large vicious spike.


Message History

The adder is moderately wounded.
You constrict the adder. The adder bites you. The adder barely misses you.
You tentacle-slap the adder.
Your tentacle spike misses the adder.
The adder is almost dead.
You constrict the adder, but do no damage.
The adder completely misses you.
You tentacle-slap the adder.
You kill the adder!
You tentacle-slap the adder. Your grab misses the adder.
The adder is severely wounded.
The adder bites you.
* * * LOW HITPOINT WARNING * * *
You tentacle-slap the adder but do no damage.
You grab the adder.
The adder is severely wounded.
You constrict the adder. The adder bites you.
* * * LOW HITPOINT WARNING * * *
You are lethally poisoned!
The adder poisons you! The adder bites you.
You die...

###..........###...>.##
....#......##$##.....#########
#.....#....#.#...............
#.......#.##.##.#...########.
##.#...####[..####..# #.
#.#.##!...%.).(##.# ####.
#....####..†#'##..# ##....
#######.##..#.##S##.#..##
#...#.
...............#@#....##
#8.8#. ######.###.#.##?##.###
#...#. #.# .#..###....##
#8.8#. #.# .##..#......#
#...#. #.# .# #........#
#8.8## .######.# #.#
#........# #...#
........###.###.###...## #♣.8#
.#####..........###..## #...#
#)....>#.....#..# #8.8#


You could see an adder.

Vanquished Creatures
  3 adders (D:2)
  A dart slug (D:1)
  6 leopard geckos
  2 giant cockroaches (D:1)
  3 goblins (D:2)
  7 hobgoblins
  2 kobolds
  2 quokkas (D:2)
  6 bats
  A frilled lizard (D:1)
  6 rats
39 creatures vanquished.

Notes
Turn   | Place    | Note
-------+----------+-------------------------------------------
     0 | D:1      | H0rd4k the Octopode Transmuter began the quest for the Orb.
     0 | D:1      | Reached XP level 1. HP: 13/13 MP: 3/3
   278 | D:1      | Reached XP level 2. HP: 18/18 MP: 5/5
   629 | D:1      | Reached skill level 1 in Stealth
   629 | D:1      | Reached XP level 3. HP: 11/23 MP: 6/6
   633 | D:1      | Learned a level 2 spell: Sticks to Snakes
   637 | D:1      | Learned a level 3 spell: Spider Form
  1276 | D:2      | HP: 1/23 [rat (2)]
  2366 | D:2      | Reached XP level 4. HP: 28/28 MP: 7/7
  2524 | D:2      | Found a blossoming altar of Fedhas.
  2675 | D:2      | HP: 1/28 [adder (4)]
  2675 | D:2      | Slain by an adder

Illustrated notes

Levels and vault maps discovered:
D:1:      grunt_arrival_crossed_arrows, layout_loops_cross
D:2:      layout_loops_ring, fedhas_altar_fruit_tree, wad_floor_pattern_1,
          chequers_avenue, minmay_fractal_squares_gapless_5

Skill      XL: |  1  2 |
---------------+-------+-----
Stealth        | 1 |  1.8
Fighting       | |  1.2
Dodging        | |  2.3
Unarmed Combat | |  3.7
Spellcasting   | |  2.6
Transmutations | |  2.3

Action                   |  1- 3 |  4- 6 || total
-------------------------+-------+-------++-------
Melee: Unarmed           |    88 |    28 ||   116
       Constrict         |    19 |     8 ||    27
       Tentacles         |    10 |     6 ||    16
       Punch             |       |     1 ||     1
 Cast: Beastly Appendage |     2 |     1 ||     3
 Stab: Sleeping          |     5 |     3 ||     8
  Eat: Chunk             |     4 |     1 ||     5
Armor: Skin              |    14 |       ||    14
Dodge: Dodged            |    62 |    22 ||    84
